[ AOE2 MATCH · #470898507 ]
UnrankedBohemians vs Huns
[ REPLAY ANALYSIS · EXTRACTED FROM THE RECORDED GAME ]
Feudal
16:03
Castle
28:22
Imperial
—
| APM avg | 18.9 |
| APM peak | 35 |
| eAPM avg | 8.7 |
| Villagers / military | 73 / 21 |
Focus
⚔️ 17.9% · 🌾 82.1%
Knight ×7 · Fishing Ship ×6 · Scout Cavalry ×5 · Mangonel ×2 · Spearman ×2 · Battering Ram ×2
Feudal
17:28
Castle
23:06
Imperial
—
| APM avg | 25.8 |
| APM peak | 39 |
| eAPM avg | 9.2 |
| Villagers / military | 81 / 20 |
Focus
⚔️ 18.7% · 🌾 81.3%
Knight ×15 · Fishing Ship ×12 · Spearman ×4 · Battering Ram ×1
Feudal
12:48
Castle
22:05
Imperial
—
| APM avg | 40.9 |
| APM peak | 91 |
| eAPM avg | 17.1 |
| Villagers / military | 155 / 58 |
Focus
⚔️ 19.1% · 🌾 80.9%
Knight ×52 · Fishing Ship ×6 · Scout Cavalry ×5 · Unknown (2626) ×3 · Fire Galley ×1
Feudal
15:34
Castle
25:06
Imperial
—
| APM avg | 10.0 |
| APM peak | 25 |
| eAPM avg | 6.9 |
| Villagers / military | 46 / 73 |
Focus
⚔️ 19.9% · 🌾 80.1%
Knight ×70 · Fishing Ship ×13 · Demolition Raft ×3
Feudal
18:12
Castle
25:11
Imperial
30:00
| APM avg | 21.0 |
| APM peak | 49 |
| eAPM avg | 11.2 |
| Villagers / military | 79 / 94 |
Focus
⚔️ 26.1% · 🌾 73.9%
Archer ×93 · Fishing Ship ×33 · Monk ×1
Feudal
14:27
Castle
19:38
Imperial
—
| APM avg | 15.6 |
| APM peak | 46 |
| eAPM avg | 10.8 |
| Villagers / military | 123 / 33 |
Focus
⚔️ 20.3% · 🌾 79.7%
Fishing Ship ×26 · Archer ×24 · Unknown (2626) ×5 · Monk ×3 · Urumi Swordsman ×3 · Mangonel ×1
Feudal
17:54
Castle
—
Imperial
—
| APM avg | 6.0 |
| APM peak | 12 |
| eAPM avg | 4.8 |
| Villagers / military | 40 / 3 |
Focus
⚔️ 10.3% · 🌾 89.7%
Fishing Ship ×6 · Militia ×3
Feudal
—
Castle
—
Imperial
—
| APM avg | 6.8 |
| APM peak | 25 |
| eAPM avg | 3.8 |
| Villagers / military | 20 / 10 |
Focus
⚔️ 20.6% · 🌾 79.4%
Fishing Ship ×16 · Fire Galley ×8 · Galley ×2
Match map
Initial resources + every placement click. Lines = walls · curves = elevation contours. ◆ gold · ⬟ stone · ● berries · ✦ relic · ◌ wall gap
Inputs per minute
— catalin - - zabreyski
Build order — catalin
First 150 of 179 actions detected
| 1:44 | Build | Town Center |
| 2:54 | Build | Dock |
| 4:29 | Create | Villager (Male) |
| 4:29 | Create | Villager (Male) |
| 4:36 | Build | House |
| 5:11 | Build | House |
| 5:18 | Create | Villager (Male) |
| 5:58 | Create | Villager (Male) |
| 5:58 | Create | Villager (Male) |
| 6:16 | Create | Fishing Ship |
| 6:27 | Create | Villager (Male) |
| 7:01 | Create | Fishing Ship |
| 7:09 | Research | Loom |
| 7:29 | Build | House |
| 7:59 | Create | Villager (Male) |
| 7:59 | Create | Villager (Male) |
| 8:06 | Create | Fishing Ship |
| 9:01 | Create | Villager (Male) |
| 9:15 | Create | Fishing Ship |
| 9:44 | Create | Villager (Male) |
| 9:44 | Create | Villager (Male) |
| 10:09 | Create | Fishing Ship |
| 10:43 | Create | Villager (Male) |
| 10:43 | Create | Villager (Male) |
| 10:49 | Build | House |
| 10:50 | Build | House |
| 11:11 | Create | Villager (Male) |
| 11:32 | Create | Villager (Male) |
| 11:39 | Create | Fishing Ship |
| 12:08 | Create | Villager (Male) |
| 12:27 | Build | Palisade Wall |
| 12:30 | Build | Palisade Wall |
| 12:35 | Create | Villager (Male) |
| 13:05 | Build | Barracks |
| 13:11 | Create | Villager (Male) |
| 13:33 | Build | Mill |
| 13:48 | Build | Palisade Wall |
| 13:53 | Research | Feudal Age |
| 14:12 | Build | Palisade Wall |
| 14:17 | Build | Building 796 |
| 14:30 | Build | Farm |
| 15:08 | Build | Palisade Wall |
| 15:15 | Build | Building 796 |
| 15:22 | Create | Villager (Male) |
| 15:36 | Build | Palisade Wall |
| 16:03 | Age | Feudal Age |
| 16:06 | Research | Horse Collar |
| 16:21 | Build | Lumber Camp |
| 16:30 | Build | Farm |
| 16:38 | Create | Villager (Male) |
| 16:51 | Create | Villager (Male) |
| 17:02 | Build | House |
| 17:25 | Create | Villager (Male) |
| 17:53 | Create | Villager (Male) |
| 18:12 | Create | Villager (Male) |
| 18:32 | Build | Stable |
| 18:39 | Research | Double-Bit Axe |
| 18:46 | Create | Villager (Male) |
| 19:13 | Create | Spearman |
| 19:14 | Create | Spearman |
| 19:36 | Build | Market |
| 19:45 | Build | Palisade Gate |
| 19:46 | Create | Scout Cavalry |
| 19:47 | Create | Scout Cavalry |
| 20:04 | Create | Villager (Male) |
| 20:11 | Research | Town Watch |
| 20:25 | Build | House |
| 20:27 | Build | House |
| 20:42 | Create | Villager (Male) |
| 20:53 | Build | House |
| 21:05 | Build | Blacksmith |
| 21:09 | Create | Scout Cavalry |
| 21:22 | Create | Villager (Male) |
| 21:37 | Build | Mining Camp |
| 21:51 | Create | Villager (Male) |
| 21:58 | Create | Scout Cavalry |
| 22:07 | Build | Palisade Wall |
| 22:29 | Build | House |
| 22:31 | Build | House |
| 22:36 | Build | Palisade Wall |
| 22:42 | Create | Villager (Male) |
| 22:42 | Create | Villager (Male) |
| 22:54 | Create | Scout Cavalry |
| 23:35 | Build | House |
| 23:37 | Build | House |
| 23:46 | Create | Villager (Male) |
| 23:46 | Create | Villager (Male) |
| 23:51 | Build | Farm |
| 23:52 | Build | Farm |
| 23:53 | Build | Farm |
| 23:56 | Build | Farm |
| 24:03 | Build | Farm |
| 24:06 | Build | Farm |
| 24:08 | Build | Farm |
| 24:23 | Build | Farm |
| 24:27 | Build | Farm |
| 24:31 | Build | Farm |
| 24:52 | Build | Farm |
| 24:59 | Build | Farm |
| 25:03 | Build | Farm |
| 25:36 | Build | Mining Camp |
| 25:42 | Research | Castle Age |
| 26:33 | Build | Dock |
| 28:22 | Age | Castle Age |
| 28:32 | Build | Town Center |
| 28:36 | Create | Villager (Male) |
| 28:36 | Create | Villager (Male) |
| 28:59 | Research | Husbandry |
| 29:25 | Build | Siege Workshop |
| 29:46 | Create | Villager (Male) |
| 29:46 | Create | Villager (Male) |
| 29:47 | Create | Villager (Male) |
| 29:58 | Create | Villager (Male) |
| 29:58 | Create | Villager (Male) |
| 30:21 | Create | Villager (Male) |
| 30:21 | Create | Villager (Male) |
| 30:42 | Build | Town Center |
| 30:49 | Create | Villager (Male) |
| 31:22 | Create | Villager (Male) |
| 31:22 | Create | Villager (Male) |
| 31:26 | Create | Villager (Male) |
| 31:27 | Create | Villager (Male) |
| 31:27 | Create | Villager (Male) |
| 31:44 | Build | Monastery |
| 31:50 | Create | Knight |
| 31:50 | Create | Knight |
| 31:51 | Create | Knight |
| 32:12 | Build | Lumber Camp |
| 32:21 | Create | Villager (Male) |
| 32:21 | Create | Villager (Male) |
| 32:22 | Create | Villager (Male) |
| 32:28 | Research | Wheelbarrow |
| 32:33 | Create | Monk |
| 32:52 | Create | Villager (Male) |
| 33:02 | Create | Villager (Male) |
| 33:11 | Create | Villager (Male) |
| 33:12 | Create | Villager (Male) |
| 33:39 | Build | Castle |
| 33:47 | Create | Knight |
| 33:47 | Create | Knight |
| 33:52 | Create | Villager (Male) |
| 33:52 | Create | Villager (Male) |
| 34:13 | Create | Villager (Male) |
| 34:17 | Research | Hand Cart |
| 34:51 | Build | Mining Camp |
| 35:01 | Create | Villager (Male) |
| 35:01 | Create | Villager (Male) |
| 35:04 | Create | Mangonel |
| 35:05 | Create | Mangonel |
| 35:08 | Research | Fletching |
Build order — zabreyski
First 150 of 168 actions detected
| 2:56 | Build | Town Center |
| 4:47 | Create | Villager (Male) |
| 4:47 | Create | Villager (Male) |
| 4:47 | Create | Villager (Male) |
| 5:11 | Create | Villager (Male) |
| 5:12 | Create | Villager (Male) |
| 6:12 | Create | Villager (Male) |
| 6:13 | Create | Villager (Male) |
| 6:24 | Create | Villager (Male) |
| 6:24 | Create | Villager (Male) |
| 7:20 | Create | Villager (Male) |
| 7:20 | Create | Villager (Male) |
| 7:20 | Create | Villager (Male) |
| 7:20 | Create | Villager (Male) |
| 7:20 | Create | Villager (Male) |
| 7:20 | Create | Villager (Male) |
| 7:21 | Create | Villager (Male) |
| 7:57 | Create | Villager (Male) |
| 7:57 | Create | Villager (Male) |
| 8:29 | Create | Villager (Male) |
| 8:50 | Create | Villager (Male) |
| 9:17 | Build | Dock |
| 9:21 | Create | Villager (Male) |
| 9:21 | Create | Villager (Male) |
| 9:48 | Create | Villager (Male) |
| 9:55 | Create | Fishing Ship |
| 10:03 | Create | Villager (Male) |
| 10:03 | Create | Villager (Male) |
| 10:14 | Create | Villager (Male) |
| 10:21 | Create | Fishing Ship |
| 10:49 | Create | Villager (Male) |
| 10:56 | Create | Villager (Male) |
| 12:00 | Create | Villager (Male) |
| 12:00 | Create | Villager (Male) |
| 12:00 | Create | Villager (Male) |
| 12:01 | Create | Villager (Male) |
| 12:01 | Create | Villager (Male) |
| 12:19 | Create | Villager (Male) |
| 12:20 | Create | Villager (Male) |
| 12:32 | Create | Fishing Ship |
| 12:57 | Create | Villager (Male) |
| 13:10 | Build | Lumber Camp |
| 13:17 | Create | Fishing Ship |
| 13:55 | Create | Fishing Ship |
| 14:44 | Build | Dock |
| 14:49 | Create | Fishing Ship |
| 15:18 | Research | Feudal Age |
| 16:00 | Create | Villager (Male) |
| 16:00 | Create | Villager (Male) |
| 16:01 | Create | Villager (Male) |
| 16:57 | Build | Barracks |
| 17:28 | Age | Feudal Age |
| 17:30 | Build | Mining Camp |
| 17:36 | Create | Villager (Male) |
| 17:36 | Create | Villager (Male) |
| 17:48 | Build | Mill |
| 18:01 | Build | Archery Range |
| 18:11 | Create | Fishing Ship |
| 18:14 | Create | Fishing Ship |
| 18:37 | Build | Dock |
| 18:43 | Create | Fishing Ship |
| 18:48 | Create | Fishing Ship |
| 19:01 | Build | Stable |
| 19:21 | Create | Fishing Ship |
| 19:51 | Build | Mining Camp |
| 20:07 | Build | Blacksmith |
| 20:26 | Research | Castle Age |
| 20:41 | Create | Spearman |
| 20:41 | Create | Spearman |
| 22:43 | Create | Spearman |
| 22:43 | Create | Spearman |
| 22:56 | Build | Stable |
| 22:59 | Create | Villager (Male) |
| 22:59 | Create | Villager (Male) |
| 23:06 | Age | Castle Age |
| 23:17 | Build | Town Center |
| 23:22 | Create | Knight |
| 23:30 | Research | Double-Bit Axe |
| 23:50 | Create | Knight |
| 23:50 | Create | Knight |
| 24:27 | Research | Loom |
| 24:27 | Research | Loom |
| 24:31 | Create | Villager (Male) |
| 24:32 | Create | Villager (Male) |
| 24:53 | Create | Villager (Male) |
| 24:57 | Research | Bow Saw |
| 25:38 | Build | Town Center |
| 25:44 | Create | Villager (Male) |
| 25:52 | Create | Knight |
| 25:52 | Create | Knight |
| 26:54 | Create | Knight ×3 |
| 27:14 | Create | Villager (Male) |
| 27:33 | Build | Farm |
| 27:33 | Build | Farm |
| 27:33 | Build | Farm |
| 27:34 | Build | Farm |
| 27:34 | Build | Farm |
| 27:36 | Build | Farm |
| 27:36 | Build | Farm |
| 27:37 | Build | Farm |
| 27:37 | Build | Farm |
| 27:37 | Build | Farm |
| 27:41 | Create | Villager (Male) |
| 28:04 | Create | Knight ×2 |
| 28:31 | Create | Villager (Male) |
| 28:32 | Create | Villager (Male) |
| 28:56 | Create | Villager (Male) |
| 28:56 | Create | Villager (Male) |
| 29:11 | Create | Villager (Male) |
| 29:11 | Create | Villager (Male) |
| 29:25 | Build | Archery Range |
| 30:01 | Research | Scale Barding Armor |
| 30:06 | Create | Fishing Ship |
| 30:16 | Create | Villager (Male) |
| 30:16 | Create | Villager (Male) |
| 30:52 | Build | Farm |
| 30:52 | Build | Farm |
| 30:53 | Build | Farm |
| 30:54 | Build | Farm |
| 30:54 | Build | Farm |
| 30:55 | Build | Farm |
| 30:55 | Build | Farm |
| 30:56 | Build | Farm |
| 30:57 | Build | Farm |
| 30:57 | Build | Farm |
| 31:04 | Create | Villager (Male) |
| 31:04 | Create | Villager (Male) |
| 31:10 | Create | Villager (Male) |
| 31:10 | Create | Villager (Male) |
| 31:40 | Create | Villager (Male) |
| 31:40 | Create | Villager (Male) |
| 31:51 | Build | Castle |
| 32:18 | Research | Husbandry |
| 32:39 | Research | Bloodlines |
| 32:49 | Create | Knight |
| 33:02 | Build | Town Center |
| 33:09 | Create | Villager (Male) |
| 33:09 | Create | Villager (Male) |
| 33:09 | Create | Villager (Male) |
| 33:16 | Create | Knight |
| 33:16 | Create | Knight |
| 33:24 | Create | Knight |
| 33:24 | Create | Knight |
| 33:41 | Create | Villager (Male) |
| 34:25 | Create | Villager (Male) |
| 34:26 | Create | Villager (Male) |
| 34:28 | Create | Villager (Male) |
| 34:28 | Create | Villager (Male) |
| 34:40 | Build | Town Center |
| 35:16 | Create | Villager (Male) |
Build order — via_fora
First 150 of 351 actions detected
| 0:24 | Build | Town Center |
| 1:15 | Build | Dock |
| 1:16 | Build | House |
| 2:59 | Research | Loom |
| 2:59 | Create | Villager (Male) |
| 2:59 | Create | Villager (Male) |
| 3:00 | Create | Villager (Male) |
| 3:36 | Create | Villager (Male) |
| 3:37 | Create | Villager (Male) |
| 3:37 | Create | Villager (Male) |
| 4:20 | Create | Villager (Male) |
| 4:21 | Create | Villager (Male) |
| 4:24 | Create | Fishing Ship |
| 5:17 | Create | Villager (Male) |
| 5:29 | Build | House |
| 5:56 | Create | Villager (Male) |
| 6:22 | Create | Villager (Male) |
| 6:22 | Create | Villager (Male) |
| 6:35 | Create | Villager (Male) |
| 6:35 | Create | Villager (Male) |
| 6:38 | Create | Fishing Ship |
| 6:38 | Create | Fishing Ship |
| 6:47 | Build | House |
| 6:58 | Build | House |
| 7:12 | Create | Villager (Male) |
| 7:36 | Create | Villager (Male) |
| 7:55 | Build | Palisade Wall |
| 7:56 | Build | Palisade Wall |
| 7:57 | Build | Palisade Wall |
| 7:58 | Build | Palisade Wall |
| 7:59 | Build | Palisade Wall |
| 8:10 | Build | House |
| 8:13 | Create | Fishing Ship |
| 8:14 | Create | Villager (Male) |
| 8:45 | Create | Villager (Male) |
| 8:47 | Create | Villager (Male) |
| 9:02 | Build | Palisade Wall |
| 9:11 | Create | Villager (Male) |
| 9:31 | Build | Mill |
| 9:34 | Create | Villager (Male) |
| 9:39 | Build | Palisade Wall |
| 9:40 | Build | Palisade Wall |
| 9:42 | Build | Palisade Wall |
| 10:10 | Create | Villager (Male) |
| 10:36 | Build | Outpost |
| 10:42 | Research | Feudal Age |
| 10:43 | Research | Feudal Age |
| 11:36 | Build | Barracks |
| 12:07 | Build | House |
| 12:48 | Age | Feudal Age |
| 12:54 | Build | Watch Tower |
| 12:58 | Create | Villager (Male) |
| 12:58 | Create | Villager (Male) |
| 13:23 | Create | Villager (Male) |
| 13:37 | Build | Palisade Wall |
| 13:38 | Build | Palisade Wall |
| 14:05 | Build | Palisade Wall |
| 14:07 | Create | Villager (Male) |
| 14:20 | Build | Stable |
| 14:25 | Create | Villager (Male) |
| 14:40 | Create | Fishing Ship |
| 14:46 | Create | Fishing Ship |
| 14:52 | Build | House |
| 15:01 | Create | Scout Cavalry |
| 15:01 | Create | Scout Cavalry |
| 15:05 | Create | Villager (Male) |
| 15:24 | Build | House |
| 15:32 | Create | Villager (Male) |
| 15:34 | Research | Town Watch |
| 15:53 | Create | Villager (Male) |
| 16:21 | Build | Mining Camp |
| 16:28 | Create | Villager (Male) |
| 16:35 | Create | Scout Cavalry |
| 16:35 | Create | Scout Cavalry |
| 17:02 | Create | Villager (Male) |
| 17:10 | Build | Lumber Camp |
| 17:13 | Create | Villager (Male) |
| 17:17 | Build | Farm |
| 17:20 | Build | Farm |
| 18:21 | Build | Farm |
| 18:22 | Build | Farm |
| 18:30 | Build | Market |
| 18:46 | Create | Villager (Male) |
| 18:46 | Create | Villager (Male) |
| 18:51 | Build | Farm |
| 19:06 | Create | Villager (Male) |
| 19:07 | Create | Villager (Male) |
| 19:17 | Build | House |
| 19:36 | Build | Farm |
| 19:39 | Research | Castle Age |
| 19:39 | Research | Castle Age |
| 19:53 | Build | Farm |
| 19:59 | Create | Scout Cavalry |
| 20:12 | Build | Blacksmith |
| 20:25 | Research | Bloodlines |
| 21:05 | Create | Villager (Male) |
| 21:05 | Create | Villager (Male) |
| 21:09 | Create | Unit 2626 |
| 21:09 | Create | Unit 2626 |
| 22:00 | Create | Villager (Male) |
| 22:00 | Create | Villager (Male) |
| 22:00 | Create | Villager (Male) |
| 22:05 | Age | Castle Age |
| 22:08 | Build | Town Center |
| 22:11 | Create | Knight |
| 22:11 | Create | Knight |
| 22:30 | Build | House |
| 22:32 | Build | House |
| 22:35 | Build | House |
| 22:41 | Build | Farm |
| 22:46 | Research | Wheelbarrow |
| 22:50 | Research | Double-Bit Axe |
| 23:05 | Create | Fire Galley |
| 23:12 | Create | Unit 2626 |
| 23:13 | Create | Villager (Male) |
| 23:16 | Build | Farm |
| 23:18 | Create | Villager (Male) |
| 23:42 | Create | Villager (Male) |
| 23:43 | Create | Villager (Male) |
| 23:45 | Build | House |
| 23:46 | Build | House |
| 23:49 | Create | Villager (Male) |
| 23:59 | Create | Villager (Male) |
| 24:00 | Create | Villager (Male) |
| 24:08 | Create | Villager (Male) |
| 24:09 | Create | Villager (Male) |
| 24:24 | Build | Town Center |
| 24:36 | Research | Forging |
| 24:39 | Research | Scale Barding Armor |
| 24:40 | Create | Villager (Male) |
| 24:43 | Build | Farm |
| 24:44 | Build | Farm |
| 24:48 | Create | Villager (Male) |
| 25:08 | Create | Villager (Male) |
| 25:08 | Create | Villager (Male) |
| 25:12 | Build | Farm |
| 25:13 | Build | Farm |
| 25:16 | Create | Villager (Male) |
| 25:17 | Create | Villager (Male) |
| 25:20 | Create | Knight |
| 26:23 | Create | Villager (Male) |
| 26:24 | Create | Villager (Male) |
| 26:24 | Create | Villager (Male) |
| 26:26 | Create | Knight |
| 26:27 | Create | Knight |
| 26:44 | Create | Villager (Male) |
| 26:45 | Create | Villager (Male) |
| 26:45 | Create | Villager (Male) |
| 27:01 | Build | House |
| 27:02 | Build | House |
Build order — Radu13
148 actions detected in the replay
| 0:12 | Build | House |
| 0:14 | Build | House |
| 0:38 | Build | Town Center |
| 3:16 | Create | Villager (Male) |
| 3:17 | Create | Villager (Male) |
| 3:17 | Create | Villager (Male) |
| 3:18 | Create | Villager (Male) |
| 4:14 | Build | Dock |
| 6:30 | Create | Villager (Male) |
| 6:32 | Create | Villager (Male) |
| 7:03 | Create | Villager (Male) |
| 7:20 | Create | Villager (Male) |
| 7:28 | Build | House |
| 7:29 | Build | House |
| 8:13 | Create | Villager (Male) |
| 8:14 | Create | Villager (Male) |
| 8:24 | Build | Mill |
| 8:44 | Create | Villager (Male) |
| 9:55 | Build | Mill |
| 10:10 | Create | Villager (Male) |
| 10:57 | Create | Villager (Male) |
| 10:59 | Create | Villager (Male) |
| 11:43 | Create | Fishing Ship |
| 12:07 | Create | Villager (Male) |
| 12:14 | Create | Fishing Ship |
| 12:59 | Create | Villager (Male) |
| 13:22 | Research | Feudal Age |
| 13:54 | Build | Mining Camp |
| 14:05 | Create | Villager (Male) |
| 14:05 | Create | Villager (Male) |
| 15:00 | Research | Loom |
| 15:24 | Create | Fishing Ship |
| 15:34 | Age | Feudal Age |
| 15:51 | Build | Market |
| 15:59 | Build | Blacksmith |
| 16:13 | Create | Demolition Raft |
| 16:53 | Create | Villager (Male) |
| 16:59 | Build | House |
| 17:00 | Build | House |
| 17:01 | Build | House |
| 17:11 | Build | House |
| 17:23 | Create | Fishing Ship |
| 17:25 | Create | Fishing Ship |
| 18:34 | Create | Villager (Male) |
| 18:35 | Create | Villager (Male) |
| 18:50 | Build | Lumber Camp |
| 19:10 | Research | Horse Collar |
| 19:57 | Create | Demolition Raft |
| 19:57 | Create | Demolition Raft |
| 20:05 | Create | Villager (Male) |
| 20:05 | Create | Villager (Male) |
| 20:18 | Build | Farm |
| 20:18 | Build | Farm |
| 20:19 | Build | Farm |
| 20:20 | Build | Farm |
| 20:21 | Build | Farm |
| 20:22 | Build | Farm |
| 20:24 | Build | Farm |
| 20:41 | Build | Farm |
| 21:11 | Build | Farm |
| 21:20 | Build | Farm |
| 21:35 | Create | Villager (Male) |
| 21:51 | Create | Fishing Ship |
| 22:13 | Create | Fishing Ship |
| 22:26 | Research | Castle Age |
| 23:03 | Research | Wheelbarrow |
| 23:04 | Create | Villager (Male) |
| 23:05 | Create | Villager (Male) |
| 23:05 | Create | Villager (Male) |
| 23:07 | Create | Villager (Male) |
| 23:55 | Build | Stone Wall |
| 24:03 | Build | Stone Wall |
| 24:15 | Build | Mining Camp |
| 24:27 | Create | Villager (Male) |
| 24:55 | Build | Barracks |
| 25:06 | Age | Castle Age |
| 25:32 | Build | Town Center |
| 25:53 | Research | Double-Bit Axe |
| 26:12 | Build | Barracks |
| 26:37 | Create | Villager (Male) |
| 26:37 | Create | Villager (Male) |
| 27:20 | Build | Stone Wall |
| 27:26 | Create | Villager (Male) |
| 28:06 | Build | Barracks |
| 28:10 | Research | Pikeman (upgrade) |
| 28:11 | Research | Squires |
| 28:29 | Create | Villager (Male) |
| 28:31 | Create | Villager (Male) |
| 28:31 | Create | Villager (Male) |
| 28:32 | Create | Villager (Male) |
| 28:33 | Create | Villager (Male) |
| 28:33 | Create | Villager (Male) |
| 28:50 | Build | Stable |
| 28:51 | Build | Stable |
| 28:53 | Build | Stable |
| 29:10 | Build | Stable |
| 29:17 | Create | Villager (Male) |
| 29:17 | Create | Villager (Male) |
| 29:18 | Create | Villager (Male) |
| 29:35 | Research | Husbandry |
| 29:41 | Research | Scale Barding Armor |
| 29:42 | Research | Forging |
| 29:47 | Research | Fletching |
| 29:52 | Research | Scale Mail Armor |
| 30:02 | Create | Knight ×5 |
| 30:02 | Create | Knight ×5 |
| 30:02 | Create | Knight ×3 |
| 30:21 | Build | House |
| 30:21 | Build | House |
| 30:21 | Build | House |
| 30:22 | Build | House |
| 30:22 | Build | House |
| 30:22 | Build | House |
| 30:23 | Build | House |
| 30:23 | Build | House |
| 30:23 | Build | House |
| 30:24 | Build | House |
| 30:24 | Build | House |
| 30:25 | Build | House |
| 30:39 | Create | Knight ×2 |
| 30:46 | Create | Villager (Male) |
| 31:11 | Create | Knight |
| 31:17 | Create | Fishing Ship |
| 31:19 | Create | Fishing Ship |
| 31:19 | Create | Fishing Ship |
| 31:20 | Create | Fishing Ship |
| 31:21 | Create | Fishing Ship |
| 31:21 | Create | Fishing Ship |
| 31:35 | Create | Knight |
| 31:35 | Create | Knight |
| 31:43 | Create | Villager (Male) |
| 31:43 | Create | Villager (Male) |
| 31:43 | Create | Villager (Male) |
| 31:53 | Create | Villager (Male) |
| 32:52 | Create | Knight ×4 |
| 32:52 | Create | Knight ×4 |
| 32:52 | Create | Knight ×4 |
| 33:16 | Create | Knight ×2 |
| 33:17 | Create | Knight ×2 |
| 35:37 | Create | Knight ×5 |
| 35:37 | Create | Knight ×5 |
| 35:37 | Create | Knight ×5 |
| 36:49 | Create | Knight ×5 |
| 36:49 | Create | Knight ×5 |
| 36:49 | Create | Knight ×5 |
| 37:09 | Build | Castle |
| 37:44 | Create | Knight ×3 |
| 37:44 | Create | Knight ×3 |
Build order — Va-pupa-Lolita!
First 150 of 231 actions detected
| 0:01 | Build | House |
| 0:03 | Build | House |
| 0:18 | Build | Town Center |
| 2:51 | Research | Loom |
| 2:51 | Create | Villager (Male) |
| 2:52 | Create | Villager (Male) |
| 2:52 | Create | Villager (Male) |
| 2:53 | Create | Villager (Male) |
| 5:16 | Create | Villager (Male) |
| 5:16 | Create | Villager (Male) |
| 5:56 | Create | Villager (Male) |
| 5:57 | Create | Villager (Male) |
| 6:49 | Create | Villager (Male) |
| 6:52 | Create | Villager (Male) |
| 7:02 | Build | Dock |
| 7:12 | Build | House |
| 7:16 | Build | House |
| 7:36 | Create | Villager (Male) |
| 7:48 | Create | Villager (Male) |
| 7:49 | Create | Villager (Male) |
| 7:49 | Create | Villager (Male) |
| 8:31 | Create | Fishing Ship |
| 9:00 | Create | Villager (Male) |
| 9:04 | Build | House |
| 9:05 | Build | House |
| 9:24 | Create | Fishing Ship |
| 9:52 | Create | Villager (Male) |
| 9:52 | Create | Villager (Male) |
| 9:52 | Create | Villager (Male) |
| 9:59 | Create | Fishing Ship |
| 10:19 | Build | Mining Camp |
| 10:47 | Create | Fishing Ship |
| 10:53 | Create | Villager (Male) |
| 11:28 | Create | Villager (Male) |
| 11:28 | Create | Villager (Male) |
| 11:33 | Create | Fishing Ship |
| 11:34 | Create | Fishing Ship |
| 11:42 | Build | House |
| 11:45 | Build | House |
| 11:47 | Build | House |
| 11:56 | Create | Villager (Male) |
| 12:31 | Create | Villager (Male) |
| 12:35 | Create | Fishing Ship |
| 12:41 | Build | Barracks |
| 12:43 | Build | House |
| 12:45 | Build | House |
| 12:58 | Create | Fishing Ship |
| 13:23 | Create | Villager (Male) |
| 13:31 | Build | Dock |
| 13:44 | Create | Fishing Ship |
| 14:03 | Create | Villager (Male) |
| 14:04 | Create | Villager (Male) |
| 14:05 | Create | Villager (Male) |
| 14:38 | Create | Fishing Ship |
| 14:38 | Create | Fishing Ship |
| 14:38 | Create | Fishing Ship |
| 14:44 | Create | Fishing Ship |
| 15:14 | Create | Fishing Ship |
| 15:14 | Create | Fishing Ship |
| 15:14 | Create | Fishing Ship |
| 16:02 | Research | Feudal Age |
| 16:55 | Create | Villager (Male) |
| 16:56 | Create | Villager (Male) |
| 17:06 | Build | House |
| 17:10 | Build | House |
| 17:19 | Create | Fishing Ship |
| 17:19 | Create | Fishing Ship |
| 17:21 | Create | Fishing Ship |
| 17:22 | Create | Fishing Ship |
| 18:04 | Create | Fishing Ship |
| 18:08 | Create | Fishing Ship |
| 18:12 | Age | Feudal Age |
| 18:22 | Build | Lumber Camp |
| 18:25 | Research | Gold Mining |
| 18:29 | Build | Blacksmith |
| 18:53 | Build | Archery Range |
| 18:54 | Build | Archery Range |
| 18:57 | Create | Villager (Male) |
| 18:57 | Create | Villager (Male) |
| 18:59 | Research | Double-Bit Axe |
| 19:03 | Research | Tech 906 |
| 19:04 | Create | Fishing Ship |
| 19:17 | Create | Villager (Male) |
| 19:17 | Create | Villager (Male) |
| 19:21 | Research | Fletching |
| 19:21 | Research | Padded Archer Armor |
| 19:47 | Create | Fishing Ship |
| 19:47 | Create | Fishing Ship |
| 19:51 | Create | Fishing Ship |
| 20:00 | Build | Lumber Camp |
| 20:41 | Build | Mill |
| 20:47 | Build | Archery Range |
| 20:49 | Create | Archer ×5 |
| 20:50 | Create | Archer |
| 20:51 | Create | Villager (Male) |
| 20:52 | Create | Villager (Male) |
| 20:53 | Create | Villager (Male) |
| 20:53 | Create | Villager (Male) |
| 20:53 | Create | Villager (Male) |
| 20:58 | Build | House |
| 20:59 | Build | House |
| 21:00 | Build | House |
| 21:01 | Build | House |
| 21:02 | Build | House |
| 21:05 | Build | House |
| 21:05 | Build | House |
| 21:16 | Research | Wheelbarrow |
| 21:49 | Build | Market |
| 22:02 | Create | Fishing Ship |
| 22:05 | Create | Fishing Ship |
| 22:07 | Research | Castle Age |
| 22:28 | Create | Archer ×5 |
| 22:28 | Create | Archer ×5 |
| 22:29 | Create | Archer ×5 |
| 22:29 | Create | Archer ×5 |
| 23:29 | Research | Town Watch |
| 23:37 | Build | Mill |
| 23:37 | Create | Villager (Male) |
| 23:38 | Create | Villager (Male) |
| 24:19 | Create | Archer ×5 |
| 24:24 | Build | Archery Range |
| 25:11 | Age | Castle Age |
| 25:16 | Build | Town Center |
| 25:19 | Research | Bow Saw |
| 25:31 | Build | University |
| 25:41 | Create | Villager (Male) |
| 25:41 | Create | Villager (Male) |
| 25:48 | Research | Gold Shaft Mining |
| 25:58 | Research | Gillnets |
| 26:11 | Build | Monastery |
| 26:17 | Build | Mining Camp |
| 26:21 | Research | Thumb Ring |
| 26:21 | Research | Crossbowman (upgrade) |
| 26:37 | Build | Town Center |
| 26:46 | Create | Villager (Male) |
| 26:47 | Create | Villager (Male) |
| 26:50 | Research | Imperial Age |
| 27:07 | Build | Dock |
| 27:16 | Build | Dock |
| 27:19 | Create | Villager (Male) ×5 |
| 27:27 | Research | Bodkin Arrow |
| 27:32 | Research | Leather Archer Armor |
| 27:37 | Build | Archery Range |
| 27:39 | Build | Archery Range |
| 27:40 | Build | Archery Range |
| 27:47 | Create | Villager (Male) |
| 27:47 | Create | Villager (Male) |
| 28:24 | Build | House |
| 28:24 | Build | House |
| 28:25 | Build | House |
Build order — North
First 150 of 263 actions detected
| 0:31 | Build | Town Center |
| 0:54 | Build | Dock |
| 0:57 | Build | House |
| 2:55 | Create | Villager (Male) |
| 2:55 | Create | Villager (Male) |
| 2:55 | Create | Villager (Male) |
| 2:56 | Create | Villager (Male) |
| 2:56 | Create | Villager (Male) |
| 2:56 | Create | Villager (Male) |
| 2:56 | Create | Villager (Male) |
| 4:01 | Create | Fishing Ship |
| 4:04 | Create | Villager (Male) |
| 4:27 | Research | Loom |
| 4:40 | Build | House |
| 5:09 | Create | Fishing Ship |
| 5:37 | Create | Fishing Ship |
| 5:57 | Create | Villager (Male) |
| 5:57 | Create | Villager (Male) |
| 5:58 | Create | Villager (Male) |
| 5:58 | Create | Villager (Male) |
| 6:31 | Create | Fishing Ship |
| 6:36 | Create | Villager (Male) |
| 6:37 | Create | Villager (Male) |
| 6:37 | Create | Villager (Male) |
| 7:03 | Create | Villager (Male) |
| 7:03 | Create | Villager (Male) |
| 7:03 | Create | Villager (Male) |
| 7:07 | Build | House |
| 7:12 | Create | Villager (Male) |
| 7:12 | Create | Villager (Male) |
| 7:12 | Create | Villager (Male) |
| 7:36 | Create | Fishing Ship |
| 7:54 | Create | Villager (Male) |
| 7:54 | Create | Villager (Male) |
| 8:23 | Create | Villager (Male) |
| 8:23 | Create | Villager (Male) |
| 8:23 | Create | Villager (Male) |
| 8:23 | Create | Villager (Male) |
| 8:23 | Create | Villager (Male) |
| 8:26 | Create | Villager (Male) |
| 8:26 | Create | Villager (Male) |
| 8:26 | Create | Villager (Male) |
| 8:32 | Create | Fishing Ship |
| 8:39 | Build | House |
| 8:43 | Create | Villager (Male) |
| 8:43 | Create | Villager (Male) |
| 8:43 | Create | Villager (Male) |
| 9:30 | Create | Fishing Ship |
| 9:35 | Create | Villager (Male) |
| 9:35 | Create | Villager (Male) |
| 9:35 | Create | Villager (Male) |
| 10:09 | Create | Villager (Male) |
| 10:09 | Create | Villager (Male) |
| 10:12 | Create | Fishing Ship |
| 10:17 | Build | House |
| 10:48 | Create | Fishing Ship |
| 11:36 | Build | Lumber Camp |
| 12:07 | Build | Dock |
| 12:17 | Research | Feudal Age |
| 12:28 | Build | House |
| 12:51 | Build | Mill |
| 13:23 | Build | Mining Camp |
| 14:08 | Create | Villager (Male) |
| 14:25 | Create | Fishing Ship |
| 14:26 | Create | Fishing Ship |
| 14:27 | Age | Feudal Age |
| 14:29 | Build | Market |
| 14:38 | Research | Double-Bit Axe |
| 14:40 | Create | Villager (Male) |
| 14:45 | Create | Fire Galley |
| 15:06 | Create | Villager (Male) |
| 15:19 | Build | House |
| 15:20 | Build | House |
| 15:24 | Build | Blacksmith |
| 15:26 | Create | Fishing Ship |
| 15:26 | Create | Fishing Ship |
| 15:34 | Create | Villager (Male) |
| 15:59 | Create | Villager (Male) |
| 16:03 | Build | Barracks |
| 16:24 | Create | Villager (Male) |
| 16:24 | Create | Villager (Male) |
| 16:46 | Build | House |
| 16:57 | Research | Castle Age |
| 17:14 | Build | Dock |
| 17:34 | Research | Fletching |
| 17:56 | Build | Archery Range |
| 18:03 | Create | Spearman |
| 18:04 | Research | Arson |
| 18:14 | Create | Fishing Ship |
| 18:38 | Create | Fishing Ship |
| 18:38 | Create | Fishing Ship |
| 18:49 | Create | Villager (Male) |
| 18:49 | Create | Villager (Male) |
| 19:03 | Create | Archer |
| 19:03 | Create | Archer |
| 19:03 | Create | Archer |
| 19:15 | Create | Fishing Ship |
| 19:15 | Create | Fishing Ship |
| 19:16 | Create | Fishing Ship |
| 19:28 | Create | Villager (Male) |
| 19:28 | Create | Villager (Male) |
| 19:38 | Age | Castle Age |
| 19:41 | Research | Crossbowman (upgrade) |
| 19:44 | Research | Bodkin Arrow |
| 19:56 | Build | Town Center |
| 20:02 | Create | Fishing Ship |
| 20:02 | Create | Fishing Ship |
| 20:02 | Create | Fishing Ship |
| 20:03 | Create | Fishing Ship |
| 20:04 | Create | Villager (Male) |
| 20:04 | Create | Villager (Male) |
| 20:04 | Create | Villager (Male) |
| 20:38 | Build | Town Center |
| 20:41 | Create | Archer |
| 20:45 | Research | Padded Archer Armor |
| 20:46 | Create | Villager (Male) |
| 20:46 | Create | Villager (Male) |
| 20:59 | Research | Bow Saw |
| 21:08 | Create | Villager (Male) |
| 21:08 | Create | Villager (Male) |
| 21:39 | Create | Villager (Male) |
| 21:41 | Create | Villager (Male) |
| 21:41 | Create | Villager (Male) |
| 21:42 | Create | Villager (Male) |
| 21:48 | Create | Archer |
| 21:48 | Create | Archer |
| 21:53 | Build | Archery Range |
| 22:01 | Create | Villager (Male) |
| 22:01 | Create | Villager (Male) |
| 22:01 | Create | Villager (Male) |
| 22:01 | Create | Villager (Male) |
| 22:02 | Create | Villager (Male) |
| 22:02 | Create | Villager (Male) |
| 22:02 | Create | Villager (Male) |
| 22:07 | Create | Archer |
| 22:22 | Create | Villager (Male) |
| 22:22 | Create | Villager (Male) |
| 22:38 | Build | Monastery |
| 22:41 | Create | Fishing Ship |
| 22:41 | Create | Fishing Ship |
| 22:41 | Create | Fishing Ship |
| 23:30 | Create | Unit 2626 ×5 |
| 23:37 | Create | Villager (Male) |
| 23:37 | Create | Villager (Male) |
| 23:37 | Create | Villager (Male) |
| 23:37 | Create | Villager (Male) |
| 23:37 | Create | Villager (Male) |
| 23:37 | Create | Villager (Male) |
| 23:37 | Create | Villager (Male) |
| 23:38 | Create | Villager (Male) |
Build order — woilly69
91 actions detected in the replay
| 1:32 | Build | Town Center |
| 4:08 | Build | House |
| 5:41 | Create | Villager (Male) |
| 6:32 | Build | Mill |
| 6:45 | Create | Villager (Male) |
| 6:46 | Create | Villager (Male) |
| 9:05 | Create | Villager (Male) |
| 9:06 | Create | Villager (Male) |
| 10:52 | Create | Villager (Male) |
| 10:53 | Research | Loom |
| 11:30 | Build | Lumber Camp |
| 11:38 | Create | Villager (Male) |
| 11:39 | Create | Villager (Male) |
| 13:35 | Build | Mining Camp |
| 13:57 | Create | Villager (Male) |
| 14:24 | Build | Farm |
| 14:31 | Build | Farm |
| 15:14 | Build | Farm |
| 15:44 | Research | Feudal Age |
| 15:52 | Create | Villager (Male) |
| 15:52 | Create | Villager (Male) |
| 15:53 | Create | Villager (Male) |
| 15:53 | Create | Villager (Male) |
| 15:54 | Create | Villager (Male) |
| 16:34 | Build | Dock |
| 16:57 | Create | Villager (Male) |
| 17:22 | Build | Farm |
| 17:31 | Build | Farm |
| 17:38 | Build | Farm |
| 17:51 | Create | Fishing Ship |
| 17:51 | Create | Fishing Ship |
| 17:54 | Age | Feudal Age |
| 18:08 | Create | Villager (Male) |
| 18:44 | Create | Villager (Male) |
| 19:03 | Build | Blacksmith |
| 20:16 | Research | Double-Bit Axe |
| 20:28 | Build | House |
| 20:33 | Build | House |
| 20:48 | Create | Fishing Ship |
| 20:48 | Create | Fishing Ship |
| 21:18 | Create | Villager (Male) |
| 21:19 | Create | Villager (Male) |
| 21:55 | Build | Watch Tower |
| 22:06 | Create | Fishing Ship |
| 22:07 | Create | Fishing Ship |
| 22:25 | Build | Farm |
| 22:46 | Create | Villager (Male) |
| 22:47 | Create | Villager (Male) |
| 22:49 | Research | Wheelbarrow |
| 23:16 | Research | Town Watch |
| 23:19 | Create | Villager (Male) |
| 23:34 | Research | Stone Mining |
| 24:20 | Build | Watch Tower |
| 24:33 | Build | House |
| 24:56 | Build | Market |
| 26:18 | Build | Watch Tower |
| 27:12 | Build | Watch Tower |
| 28:52 | Build | Barracks |
| 29:27 | Create | Villager (Male) |
| 29:27 | Create | Villager (Male) |
| 29:28 | Create | Villager (Male) |
| 29:28 | Create | Villager (Male) |
| 29:28 | Create | Villager (Male) |
| 29:29 | Create | Villager (Male) |
| 29:29 | Create | Villager (Male) |
| 29:29 | Create | Villager (Male) |
| 29:30 | Create | Villager (Male) |
| 29:30 | Create | Villager (Male) |
| 29:44 | Build | Farm |
| 29:49 | Build | Farm |
| 30:01 | Build | Farm |
| 30:06 | Build | Farm |
| 30:22 | Build | Farm |
| 30:32 | Build | Mining Camp |
| 31:32 | Create | Villager (Male) |
| 31:32 | Create | Villager (Male) |
| 31:33 | Create | Villager (Male) |
| 31:33 | Create | Villager (Male) |
| 31:33 | Create | Villager (Male) |
| 31:35 | Create | Villager (Male) |
| 32:38 | Research | Castle Age |
| 32:44 | Create | Villager (Male) |
| 32:45 | Create | Villager (Male) |
| 32:52 | Research | Man-at-Arms (upgrade) |
| 32:53 | Create | Militia |
| 32:54 | Create | Militia |
| 32:54 | Create | Militia |
| 33:36 | Build | House |
| 34:23 | Build | Watch Tower |
| 35:19 | Build | Watch Tower |
| 36:20 | Build | Watch Tower |
Build order — JUEZ94
69 actions detected in the replay
| 0:31 | Build | Town Center |
| 0:41 | Build | House |
| 0:44 | Build | House |
| 0:46 | Build | House |
| 3:29 | Create | Villager (Male) |
| 3:29 | Create | Villager (Male) |
| 3:30 | Create | Villager (Male) |
| 3:30 | Create | Villager (Male) |
| 3:30 | Create | Villager (Male) |
| 4:56 | Create | Villager (Male) |
| 5:28 | Create | Villager (Male) |
| 5:40 | Build | Lumber Camp |
| 5:54 | Create | Villager (Male) |
| 6:16 | Create | Villager (Male) |
| 7:43 | Create | Villager (Male) |
| 7:44 | Create | Villager (Male) |
| 7:44 | Create | Villager (Male) |
| 7:44 | Create | Villager (Male) |
| 9:32 | Build | Dock |
| 11:07 | Build | Lumber Camp |
| 11:52 | Create | Villager (Male) |
| 11:53 | Create | Villager (Male) |
| 13:21 | Create | Fishing Ship |
| 13:21 | Create | Fishing Ship |
| 13:22 | Create | Fishing Ship |
| 14:02 | Research | Feudal Age |
| 14:43 | Create | Villager (Male) |
| 15:50 | Create | Fishing Ship |
| 16:11 | Create | Villager (Male) |
| 16:41 | Create | Fishing Ship |
| 17:15 | Create | Villager (Male) |
| 17:15 | Create | Villager (Male) |
| 17:15 | Create | Villager (Male) |
| 19:15 | Build | Town Center |
| 19:31 | Build | Barracks |
| 19:38 | Build | Dock |
| 20:06 | Create | Fishing Ship |
| 20:29 | Build | House |
| 20:32 | Build | House |
| 20:34 | Build | House |
| 20:39 | Build | House |
| 21:01 | Research | Wheelbarrow |
| 21:06 | Research | Double-Bit Axe |
| 21:15 | Create | Fishing Ship |
| 21:55 | Research | Tech 906 |
| 22:01 | Create | Fishing Ship |
| 22:02 | Create | Fishing Ship |
| 22:36 | Build | Mining Camp |
| 23:02 | Build | House |
| 23:05 | Build | House |
| 23:07 | Build | House |
| 23:27 | Research | Gold Mining |
| 23:34 | Create | Fishing Ship |
| 23:34 | Create | Fishing Ship |
| 23:35 | Create | Fishing Ship |
| 23:35 | Create | Fishing Ship |
| 23:54 | Create | Galley |
| 23:55 | Create | Galley |
| 25:11 | Create | Fire Galley |
| 25:11 | Create | Fire Galley |
| 25:11 | Create | Fire Galley |
| 25:11 | Create | Fire Galley |
| 25:11 | Create | Fire Galley |
| 25:11 | Create | Fire Galley |
| 26:17 | Create | Fishing Ship |
| 26:18 | Create | Fishing Ship |
| 26:18 | Create | Fishing Ship |
| 26:19 | Create | Fire Galley |
| 26:25 | Create | Fire Galley |
Match timeline
| 0:54 | North · first_building Dock |
| 1:15 | via_fora · first_building Dock |
| 2:54 | catalin · first_building Dock |
| 4:14 | Radu13 · first_building Dock |
| 7:02 | Va-pupa-Lolita! · first_building Dock |
| 7:55 | via_fora · wall_segment Palisade Wall x2 |
| 7:56 | via_fora · wall_segment Palisade Wall x1 |
| 7:57 | via_fora · wall_segment Palisade Wall x1 |
| 7:58 | via_fora · wall_segment Palisade Wall x2 |
| 7:59 | via_fora · wall_segment Palisade Wall x1 |
| 9:02 | via_fora · wall_segment Palisade Wall x1 |
| 9:17 | zabreyski · first_building Dock |
| 9:32 | JUEZ94 · first_building Dock |
| 9:39 | via_fora · wall_segment Palisade Wall x1 |
| 9:40 | via_fora · wall_segment Palisade Wall x1 |
| 9:42 | via_fora · wall_segment Palisade Wall x2 |
| 11:36 | via_fora · first_building Barracks |
| 12:27 | catalin · wall_segment Palisade Wall x4 |
| 12:30 | catalin · wall_segment Palisade Wall x3 |
| 12:41 | Va-pupa-Lolita! · first_building Barracks |
| 12:48 | via_fora · age_up feudal |
| 13:05 | catalin · first_building Barracks |
| 13:37 | via_fora · wall_segment Palisade Wall x1 |
| 13:38 | via_fora · wall_segment Palisade Wall x1 |
| 13:48 | catalin · wall_segment Palisade Wall x4 |
| 14:05 | via_fora · wall_segment Palisade Wall x1 |
| 14:12 | catalin · wall_segment Palisade Wall x6 |
| 14:20 | via_fora · first_building Stable |
| 14:27 | North · age_up feudal |
| 15:08 | catalin · wall_segment Palisade Wall x11 |
| 15:34 | Radu13 · age_up feudal |
| 15:36 | catalin · wall_segment Palisade Wall x22 |
| 16:03 | catalin · age_up feudal |
| 16:03 | North · first_building Barracks |
| 16:34 | woilly69 · first_building Dock |
| 16:54 | North · first_market_sell 100 wood |
| 16:57 | zabreyski · first_building Barracks |
| 17:28 | zabreyski · age_up feudal |
| 17:54 | woilly69 · age_up feudal |
| 17:56 | North · first_building Archery Range |
| 18:01 | zabreyski · first_building Archery Range |
| 18:12 | Va-pupa-Lolita! · age_up feudal |
| 18:32 | catalin · first_building Stable |
| 18:53 | Va-pupa-Lolita! · first_building Archery Range |
| 19:01 | zabreyski · first_building Stable |
| 19:31 | JUEZ94 · first_building Barracks |
| 19:38 | North · age_up castle |
| 20:29 | North · first_market_buy 100 wood |
| 22:05 | via_fora · age_up castle |
| 22:07 | catalin · wall_segment Palisade Wall x9 |
| 22:36 | catalin · wall_segment Palisade Wall x3 |
| 22:38 | North · first_building Monastery |
| 23:06 | zabreyski · age_up castle |
| 23:55 | Radu13 · wall_segment Stone Wall x11 |
| 24:03 | Radu13 · wall_segment Stone Wall x7 |
| 24:55 | Radu13 · first_building Barracks |
| 25:06 | Radu13 · age_up castle |
| 25:11 | Va-pupa-Lolita! · age_up castle |
| 26:11 | Va-pupa-Lolita! · first_building Monastery |
| 26:25 | North · first_building Castle |
| 27:15 | via_fora · first_building Monastery |
| 27:20 | Radu13 · wall_segment Stone Wall x2 |
| 27:51 | JUEZ94 · resign |
| 28:22 | catalin · age_up castle |
| 28:49 | North · first_building Siege Workshop |
| 28:50 | Radu13 · first_building Stable |
| 28:52 | woilly69 · first_building Barracks |
| 29:25 | catalin · first_building Siege Workshop |
| 30:00 | Va-pupa-Lolita! · age_up imperial |
| 30:15 | Va-pupa-Lolita! · first_market_sell 100 wood |
| 30:36 | catalin · first_market_buy 100 wood |
| 31:06 | catalin · tribute_sent a jugador 1 |
| 31:06 | catalin · tribute_sent a jugador 2 |
| 31:06 | catalin · tribute_sent a jugador 4 |
| 31:06 | catalin · tribute_sent a jugador 5 |
| 31:06 | catalin · tribute_sent a jugador 6 |
| 31:06 | catalin · tribute_sent a jugador 7 |
| 31:06 | catalin · tribute_sent a jugador 8 |
| 31:44 | catalin · first_building Monastery |
| 31:51 | zabreyski · first_building Castle |
| 33:39 | catalin · first_building Castle |
| 33:55 | via_fora · first_market_buy 100 stone |
| 36:05 | zabreyski · first_building Siege Workshop |
| 36:07 | Va-pupa-Lolita! · first_building Castle |
| 36:30 | via_fora · first_building Castle |
| 36:54 | via_fora · first_market_sell 100 wood |
| 37:09 | Radu13 · first_building Castle |
| 38:52 | catalin · wall_segment Stone Wall x8 |
[ AI ANALYSIS · 1 CREDIT ]
What really happened in this match?
Wolo.gg analyzes every decision: build order, eco, micro, common mistakes by bracket. Personalized analysis on WhatsApp or Discord in 30 seconds.
Civ guide
Bohemians
Perfil
Jugador #1148233